AoeStats
← Overcome8853

Black Forest

510365211Analyzed
3v3 RM · 2d ago on Sep 30, 2026· 71m 54s· 6 players
Game mode
Random Map
Map size
Normal (6 player)
Population
200
Speed
Normal
Resources
Standard
Victory
Conquest
Starting age
Dark Age
Ending age
Imperial Age
RankedLock teamsTeams togetherTeam positionsShared explorationLock speedFull tech treeHidden civsTurbo modeCheats
Victory
Defeat
🇹🇷 Bengalis · Türkiye
782
+13
🇦🇷 Chinese · Argentina
778
+14
🇩🇰 Malians · Denmark
724
+16
🇭🇺 Huns · Hungary
766
-34
🇭🇺 Khmer · Hungary
713
-14
🇭🇺 Celts · Hungary
689
-13
Overcome8853
12:48 Feudal Age
16:08 Scale Barding Armor
16:21 Forging
21:00 Horse Collar
24:41 Castle Age
24:54 Man-at-Arms
24:57 Pikeman
25:38 Squires
26:31 Chain Barding Armor
26:48 Iron Casting
27:34 Heavy Plow
28:02 Long Swordsman
29:32 Marauders
29:54 Caravan
30:49 Wheelbarrow
34:40 Imperial Age
32:33 Hand Cart
32:18 Double-Bit Axe
32:30 Gold Mining
32:32 Stone Mining
33:12 Husbandry
33:24 Bloodlines
33:06 Light Cavalry
35:44 Halberdier
35:45 Two-Handed Swordsman
35:59 Hussar
43:39 Blast Furnace
43:16 Plate Barding Armor
42:44 Scale Mail Armor
46:38 Gold Shaft Mining
46:20 Bow Saw
54:16 Town Watch
54:17 Loom
54:53 Chain Mail Armor
55:45 Two-Man Saw
54:27 Cavalier
54:38 Elite Tarkan
58:42 Conscription
57:53 Elite Skirmisher
Scrap
0:27 Loom
16:30 Feudal Age
19:22 Castle Age
18:42 Wheelbarrow
20:28 Double-Bit Axe
23:12 Horse Collar
23:30 Gold Mining
24:31 Bow Saw
26:44 Caravan
27:16 Coinage
26:50 Stone Mining
27:35 Gold Shaft Mining
27:45 Gold Shaft Mining
29:14 Stone Shaft Mining
29:16 Hand Cart
31:52 Imperial Age
30:46 Town Watch
32:09 Ballistics
31:52 Padded Archer Armor
31:43 Fletching
32:03 Forging
32:11 Town Patrol
32:37 Heavy Plow
33:29 Banking
33:18 Leather Archer Armor
33:34 Scale Barding Armor
34:51 Crop Rotation
35:01 Iron Casting
36:31 Ring Archer Armor
36:23 Chain Barding Armor
35:46 Elite Ballista Elephant
38:28 Blast Furnace
37:29 Scale Mail Armor
37:25 Bodkin Arrow
37:59 Tusk Swords
38:20 Conscription
39:43 Double Crossbow
40:19 Hoardings
40:35 Plate Barding Armor
40:13 Husbandry
39:33 Cavalier
42:40 Chain Mail Armor
43:56 Heavy Scorpion
45:38 Sappers
48:28 Chemistry
48:45 Elite Battle Elephant
48:54 Capped Ram
49:50 Siege Ram
63:29 Bloodlines
62:39 Light Cavalry
70:16 Hussar
Pufci2011
0:32 Loom
16:59 Feudal Age
17:59 Horse Collar
18:07 Double-Bit Axe
18:57 Gold Mining
18:57 Stone Mining
25:04 Castle Age
27:35 Bow Saw
27:32 Heavy Plow
31:06 Imperial Age
31:43 Gold Shaft Mining
31:44 Stone Shaft Mining
32:06 Ballistics
33:53 Chemistry
36:49 Furor Celtica
38:47 Heavy Scorpion
43:53 Elite Woad Raider
62:22 Onager
64:43 Caravan
65:13 Coinage
Brabus88
1:22 Loom
13:27 Feudal Age
15:30 Wheelbarrow
15:47 Horse Collar
16:24 Double-Bit Axe
17:58 Gold Mining
24:37 Castle Age
25:21 Caravan
26:10 Hand Cart
26:18 Heavy Plow
26:34 Bow Saw
26:45 Forging
27:20 Stone Mining
30:11 Iron Casting
31:00 Gold Shaft Mining
31:04 Stone Shaft Mining
30:55 Fervor
32:32 Scale Mail Armor
33:33 Chain Mail Armor
35:10 Man-at-Arms
37:08 Coinage
40:28 Imperial Age
38:56 Scale Barding Armor
39:38 Husbandry
39:49 Bloodlines
40:55 Masonry
40:53 Heavy Camel Rider
41:57 Chain Barding Armor
42:09 Plate Mail Armor
41:47 Farimba
41:12 Elite Gbeto
43:15 Architecture
43:47 Chemistry
43:53 Squires
43:39 Arson
43:14 Long Swordsman
44:35 Plate Barding Armor
43:59 Murder Holes
44:14 Fortified Wall
44:57 Guilds
45:18 Banking
45:34 Two-Handed Swordsman
48:32 Onager
50:29 Siege Onager
52:48 Pikeman
54:31 Treadmill Crane
61:32 Capped Ram
Norbert PICIGETO Foster
15:30 Feudal Age
20:46 Castle Age
18:33 Horse Collar
18:40 Double-Bit Axe
21:57 Heavy Plow
22:10 Bow Saw
27:34 Wheelbarrow
27:59 Caravan
29:07 Forging
29:03 Scale Barding Armor
34:42 Imperial Age
32:36 Stone Mining
32:37 Gold Mining
32:36 Town Watch
33:07 Hand Cart
33:55 Iron Casting
33:41 Chain Barding Armor
33:27 Town Patrol
34:14 Ballistics
36:05 Siege Engineers
35:57 Murder Holes
37:04 Chemistry
35:49 Arrowslits
36:16 Fortified Wall
35:57 Heated Shot
36:19 Masonry
36:27 Husbandry
36:38 Bloodlines
37:18 Mahayana
38:29 Conscription
38:23 Paiks
38:04 Elite Ratha (Ranged)
40:48 Plate Barding Armor
40:14 Scale Mail Armor
40:14 Padded Archer Armor
40:05 Fletching
41:15 Blast Furnace
40:47 Crop Rotation
41:21 Two-Man Saw
42:34 Loom
42:18 Elite Battle Elephant
43:26 Siege Elephant
44:56 Gold Shaft Mining
48:10 Elite Elephant Archer
50:46 Light Cavalry
52:03 Architecture
57:58 Pikeman
58:39 Squires
58:24 Arson
58:25 Gambesons
58:42 Bodkin Arrow
59:03 Chain Mail Armor
59:05 Leather Archer Armor
59:15 Halberdier
60:28 Onager
61:35 Heavy Scorpion
KYLIAN DICTADOR
0:34 Loom
11:59 Feudal Age
14:56 Wheelbarrow
14:21 Double-Bit Axe
19:42 Castle Age
18:23 Stone Mining
23:46 Gold Mining
24:37 Horse Collar
25:37 Heavy Plow
27:25 Bow Saw
27:55 Town Watch
32:48 Imperial Age
31:27 Hand Cart
31:42 Padded Archer Armor
31:35 Fletching
32:04 Masonry
32:05 Great Wall
32:09 Murder Holes
33:15 Fortified Wall
33:00 Guard Tower
35:54 Chemistry
35:23 Leather Archer Armor
35:04 Bodkin Arrow
35:19 Forging
35:15 Scale Barding Armor
36:05 Town Patrol
36:52 Keep
37:34 Stone Shaft Mining
37:34 Gold Shaft Mining
36:53 Heated Shot
37:25 Ballistics
36:55 Arrowslits
37:32 Bombard Tower
37:45 Architecture
40:46 Bodkin Arrow
41:27 Iron Casting
41:12 Chain Barding Armor
41:23 Ring Archer Armor
41:25 Rocketry
43:53 Heavy Rocket Cart
48:47 Elite Chu Ko Nu
49:43 Bracer
50:19 Plate Barding Armor
51:34 Cavalier
52:14 Husbandry
53:23 Scale Mail Armor
54:23 Blast Furnace
Connection lost

Rejoining the realm…

Still unreachable

The connection could not be restored.

Session expired

The server has moved on; the page needs a fresh start.